AoeStats
← Cyamaan

Arabia

509619830Analyzed
2v2 RM · 4d ago on Sep 27, 2026· 40m 26s· 4 players
Game mode
Random Map
Map size
Medium (4 player)
Population
200
Speed
Normal
Resources
Standard
Victory
Conquest
Starting age
Dark Age
Ending age
Imperial Age
RankedLock teamsTeams togetherTeam positionsShared explorationLock speedFull tech treeHidden civsTurbo modeCheats
Victory
Defeat
🇨🇦 Danes · Canada
1073
+16
🇨🇦 Varangians · Canada
936
+21
🇩🇪 Magyars · Germany
1064
-19
🇩🇪 Vietnamese · Germany
1055
-18
lukas197184
6:27 Loom
10:58 Feudal Age
11:33 Double-Bit Axe
12:41 Horse Collar
15:56 Padded Archer Armor
16:43 Town Watch
22:22 Castle Age
21:47 Gold Mining
21:48 Stone Mining
22:01 Scale Mail Armor
21:52 Fletching
24:16 Leather Archer Armor
23:41 Crossbowman
24:26 Thumb Ring
25:00 Ballistics
26:13 Man-at-Arms
27:13 Chain Mail Armor
28:58 Long Swordsman
31:18 Bow Saw
32:19 Wheelbarrow
32:24 Forging
36:42 Guard Tower
38:49 Iron Casting
Fabelon
6:54 Loom
9:50 Feudal Age
10:15 Horse Collar
10:23 Double-Bit Axe
19:24 Castle Age
19:52 Bloodlines
19:52 Scale Barding Armor
21:11 Wheelbarrow
20:40 Heavy Plow
20:54 Bow Saw
27:31 Chain Barding Armor
36:15 Imperial Age
34:02 Hand Cart
37:38 Plate Barding Armor
36:27 Cavalier
37:10 Husbandry
38:50 Gold Mining
Cyamaan
9:04 Feudal Age
8:56 Loom
10:30 Man-at-Arms
11:08 Double-Bit Axe
15:10 Horse Collar
17:21 Arson
19:41 Castle Age
18:43 Scale Mail Armor
19:46 Forging
20:33 Gambesons
20:49 Squires
20:32 Long Swordsman
22:53 Wheelbarrow
23:57 Chain Mail Armor
25:12 Pikeman
29:10 Iron Casting
29:07 Bow Saw
28:58 Heavy Plow
31:31 Hamask
37:16 Imperial Age
38:27 Plate Mail Armor
39:09 Elite Varangian Guard
jornado
5:17 Loom
10:09 Feudal Age
10:39 Double-Bit Axe
14:44 Horse Collar
18:41 Castle Age
17:20 Bloodlines
17:34 Scale Barding Armor
17:59 Gold Mining
19:44 Bow Saw
20:16 Husbandry
21:35 Forging
23:06 Chain Barding Armor
25:52 Iron Casting
26:35 Wheelbarrow
31:48 Imperial Age
30:58 Heavy Plow
31:14 Fletching
33:12 Cavalier
40:15 Conscription
Connection lost

Rejoining the realm…

Still unreachable

The connection could not be restored.

Session expired

The server has moved on; the page needs a fresh start.